 Dungeon Crawl Stone Soup version 0.21-a0-513-gdcb3f5e (webtiles) character file.

52 Starchild the Bolt Thrower (level 4, -1/26 HPs)
             Began as a Kobold Hunter on Dec 2, 2017.
             Slain by a gnoll
             ... wielding a +0 flail
              (4 damage)
             ... on level 2 of the Dungeon.
             The game lasted 00:06:02 (1008 turns).

Starchild the Bolt Thrower (Kobold Hunter)          Turns: 1008, Time: 00:06:03

Health: -1/26      AC:  3    Str:  9    XL:     4   Next: 8%
Magic:  4/4        EV: 14    Int: 14    God:
Gold:   56         SH:  0    Dex: 16    Spells: 3/3 levels left

rFire    . . .     SeeInvis .   a - +1 hand crossbow
rCold    . . .     Gourm    .   (shield restricted)
rNeg     . . .     Faith    .   c - +0 leather armour
rPois    .         Spirit   .   (no helmet)
rElec    .         Reflect  .   (no cloak)
rCorr    .         Harm     .   (no gloves)
MR       .....                  (no boots)
Stlth    ++........             (no amulet)
HPRegen  0.08/turn              (no ring)
MPRegen  0.09/turn              (no ring)

@: no status effects
A: small, claws 1, carnivore 3, clever 1
a: no special abilities


You were on level 2 of the Dungeon.
You were hungry.

You visited 1 branch of the dungeon, and saw 2 of its levels.

You collected 56 gold pieces.

Inventory:

Hand Weapons
 a - a +1 hand crossbow (weapon)
 b - a +0 short sword
Missiles
 d - 17 bolts (quivered)
 j - 66 stones
Armour
 c - a +0 leather armour (worn)
Scrolls
 e - a scroll of noise {unknown}
 g - a scroll of teleportation {unknown}
 i - a scroll of enchant armour {unknown}
 k - a scroll of identify {unknown}
 m - a scroll of enchant weapon {unknown}
Potions
 l - a potion of flight {unknown}
Comestibles
 f - a meat ration
 n - a royal jelly


   Skills:
 - Level 2.1 Fighting
 + Level 2.0 Short Blades
 - Level 6.1 Crossbows
 - Level 2.4 Dodging
 - Level 1.3 Stealth


You had 3 spell levels left.
You didn't know any spells.

Dungeon Overview and Level Annotations

Branches:
Dungeon (2/15)

Altars:


Innate Abilities, Weirdness & Mutations

You are small and have problems with some larger weapons.
You are carnivorous and can eat meat at any time.
You have sharp fingernails.
Your mind is acute. (Int +2)


Message History

A worm and an ogre come into view.
The gnoll throws a throwing net.
The throwing net closely misses you.
You see here a throwing net.
Wield which item (- for none, * to show all)? (? for menu, Esc to quit)
a - a +1 hand crossbow (weapon)
Firing (i - inventory. (,) - cycle):
d - 19 bolts (quivered)
Press: ? - help, Shift-Dir - straight line, f - gnoll
Aim: a gnoll, wielding a flail (moderately wounded)
You shoot a bolt. The bolt completely misses the gnoll.
The gnoll closely misses you.
Firing (i - inventory. (,) - cycle):
d - 18 bolts (quivered)
Press: ? - help, Shift-Dir - straight line, f/p - gnoll
Aim: a gnoll, wielding a flail (moderately wounded)
You shoot a bolt. The bolt closely misses the gnoll.
The gnoll hits you with a flail!
* * * LOW HITPOINT WARNING * * *
It was a potion of mutation.
You feel extremely strange.
Your fingernails lengthen.
You feel clever. The gnoll hits you with a flail.
You die...

......#.............
+[......#.............
.......#.............
#........##########.#
.>......# ########.#
........# ..........
...(....# ##########
..#'###.# . #@# #.#
#g# #.# #.# #.# #(#
#.# #†# #.#
#######.###.#
#...........#
.#.#####.#####
........(....#


You could see a gnoll.

Vanquished Creatures
  A worm (D:2)
  5 dart slugs
  A leopard gecko (D:1)
  7 bats
  4 giant cockroaches
  5 goblins
  2 hobgoblins
  3 frilled lizards
  2 kobolds (D:1)
  9 rats
39 creatures vanquished.

Vanquished Creatures (others)
  4 toadstools (D:1)
4 creatures vanquished.

Grand Total: 43 creatures vanquished

Notes
Turn   | Place    | Note
-------+----------+-------------------------------------------
     0 | D:1      | Starchild the Kobold Hunter began the quest for the Orb.
     0 | D:1      | Reached XP level 1. HP: 12/12 MP: 1/1
    19 | D:1      | Reached skill level 5 in Crossbows
    94 | D:1      | Reached XP level 2. HP: 16/17 MP: 2/2
   541 | D:1      | Reached XP level 3. HP: 16/21 MP: 3/3
   666 | D:1      | Reached skill level 6 in Crossbows
   877 | D:2      | Reached skill level 1 in Short Blades
   991 | D:2      | Reached XP level 4. HP: 21/26 MP: 4/4
  1001 | D:2      | Noticed an ogre
  1008 | D:2      | Gained mutation: You have sharp fingernails. [potion of mutation]
  1008 | D:2      | Gained mutation: Your mind is acute. (Int +2) [potion of mutation]
  1008 | D:2      | Slain by a gnoll

Vault maps used:
D:1:      ldierk_water_garden, minmay_misc_feat_hallway, columned_hall_lemuel,
          kennysheep_nondescript
D:2:      chequers_temple_overflow_statue_of_worship, minmay_octomino_e4

Skill      XL: |  1  2  3  4 |
---------------+-------------+-----
Crossbows      | 5 6 |  6.1
Short Blades   | 1 2 |  2.0
Fighting       | |  2.1
Dodging        | |  2.4
Stealth        | |  1.3

Action                   |  1- 3 |  4- 6 || total
-------------------------+-------+-------++-------
Melee: Short sword       |   126 |     8 ||   134
 Fire: Hand crossbow     |    17 |     2 ||    19
Throw: Stone             |     3 |       ||     3
  Use: Potion            |       |     1 ||     1
 Stab: Sleeping          |     7 |       ||     7
Armor: Leather armour    |    40 |       ||    40
Dodge: Dodged            |   128 |     6 ||   134

Table legend:
 A = Spawn XP
 B = Non-spawn XP
 C = Spawn XP percentage of total XP
 D = Spawn monster count
 E = Non-spawn monster count
 F = Spawn count percentage of total count
 G = Total turns spent on level
                    A         B        C        D         E        F      G
               +---------+---------+-------+---------+---------+-------+---------
         Total |       0 |      75 |   0.0 |       0 |      39 |   0.0 |  1008
               +---------+---------+-------+---------+---------+-------+---------
           D:1 |       0 |      48 |   0.0 |       0 |      29 |   0.0 |   839
           D:2 |       0 |      27 |   0.0 |       0 |      10 |   0.0 |   169
               +---------+---------+-------+---------+---------+-------+---------
